 Dungeon Crawl Stone Soup version 0.30-a0-953-g5f1da4a474 (webtiles) character file.

Game seed: 5166690388632745793

498 DeathPants the Cudgeller (level 7, -5/36 HPs)
             Began as a Vine Stalker Gladiator on Mar 28, 2023.
             Slain by Menkaure (15 damage)
             ... on level 4 of the Dungeon.
             The game lasted 00:09:54 (3262 turns).

DeathPants the Cudgeller (Vine Stalker Gladiator)   Turns: 3262, Time: 00:09:55

Health: -5/36      AC: 13    Str: 16    XL:     7   Next: 16%
Magic:  0/12       EV: 11    Int: 10    God:
Gold:   159        SH:  0    Dex: 16    Spells: 12/12 levels left

rFire   . . .      SeeInvis .    b - +2 flail (protect)
rCold   . . .      Faith    .    (no shield)
rNeg    . . .      Spirit   +    h - +0 ring mail
rPois   .          Reflect  .    c - +0 helmet
rElec   .          Rampage  .    (no cloak)
rCorr   .                        (no gloves)
Will    .....                    (no boots)
Stlth   +                        (no amulet)
HPRegen 1.06/turn                (no ring)
MPRegen 0.13/turn                (no ring)

@: under a protective aura, invisible
A: fangs 2, regeneration 1, magic shield, antimagic bite, no potion heal 2
a: no special abilities


You were on level 4 of the Dungeon.
You visited 1 branch of the dungeon, and saw 5 of its levels.

You collected 159 gold pieces.

Inventory:

Hand Weapons
 a - a +1 flail of freezing
 b - a +2 flail of protection (weapon)
Missiles
 d - 4 throwing nets (quivered)
 e - a javelin
 o - 6 boomerangs
 q - 4 poisoned darts
Armour
 c - a +0 helmet (worn)
 h - a +0 ring mail (worn)
Magical Staves
 k - a staff of death
Scrolls
 n - 3 scrolls of fear
 s - 2 scrolls of blinking
Potions
 g - a potion of resistance
 i - 2 potions of mutation
 m - 2 potions of attraction {unknown}
 p - a potion of flight
 r - a potion of curing


   Skills:
 + Level 3.3 Fighting
 * Level 5.0 Maces & Flails
 - Level 1.7 Throwing
 - Level 2.4 Armour
 - Level 2.4 Dodging
 + Level 3.0 Spellcasting


You had 12 spell levels left.
You didn't know any spells.
Your spell library contained the following spells:

 Spells                   Type           Power      Damage    Failure   Level
 Sandblast                Erth           2%         2d4       45%         1
 Passwall                 Tmut/Erth      0%         N/A       61%         2
 Stone Arrow              Conj/Erth      2%         3d7       83%         3


Dungeon Overview and Level Annotations

Branches:
Dungeon (5/15)
 Temple: D:4-7

Altars:
Hepliaklqana

Annotations:
D:4 Menkaure


Innate Abilities, Weirdness & Mutations

You have extremely sharp teeth.
Your natural rate of healing is unusually fast.
When hurt, damage is shared between your health and your magic reserves.
Your bite disrupts and absorbs the magic of your enemies.
Potions cannot restore your health.


Message History

The shadow imp gestures at you. You resist with significant effort.
You barely miss the shadow imp.
You bite the shadow imp, but do no damage.
The shadow imp is severely wounded.
The shadow imp barely misses you.
You closely miss the shadow imp. Your bite misses the shadow imp.
The shadow imp is severely wounded.
The shadow imp misses you. The shadow imp hits you.
You sock the shadow imp!
You kill the shadow imp!
Your Spellcasting skill increases to level 3!
Items here: ( )) [.
Items here: ( )) [.
b - a +2 flail of protection Adjust (i)tems, (s)pells, or (a)bilities?
Okay, then.
Your +1 flail of freezing stops glowing.
Your +2 flail of protection hums with potential!
b - a +2 flail of protection (weapon)
Magic restored.
d - 4 throwing nets (gained 1)
Found a stone staircase leading up.
Found a robe and a long sword.
Menkaure, Prince of Dust comes into view.
Menkaure shouts!
Menkaure gestures wildly while chanting.
Menkaure seems to speed up.
Menkaure gestures at you while chanting.
Pain shoots through your body! Menkaure hits you! Menkaure closely misses you.
You hit Menkaure.
Your weapon exudes an aura of protection.
Your bite misses Menkaure.
Menkaure is lightly damaged.
Menkaure hits you!
* * * LOW HITPOINT WARNING * * *
You fade into invisibility!
Menkaure hits you!
You die...

##.. ####......) ..
..###.........# .#
#.##...........# ..
..#............# #.
.##...........##
#.#.#..............
...#..............
#M##..............
#@#......##....... .
#.#..<...........
... #.#..........[.)
.....#.#............
...............#...
..................
...........######.
..........##
###########


You could see Menkaure (fast).

Vanquished Creatures
  Edmund (D:4)
  A hound (D:2)
  2 orc priests (D:3)
  5 orc wizards
  An iguana (D:3)
  5 adders
  A shadow imp (D:4)
  2 worms
  3 dart slugs
  10 orcs
  3 bats
  12 endoplasms
  3 giant cockroaches
  6 goblins
  3 hobgoblins
  7 jackals
  6 kobolds
  A ball python (D:3)
  A frilled lizard (D:1)
  4 rats
77 creatures vanquished.

Vanquished Creatures (others)
  15 plants (D:1)
15 creatures vanquished.

Grand Total: 92 creatures vanquished

Notes
Turn   | Place    | Note
-------+----------+-------------------------------------------
     0 | D:1      | DeathPants the Vine Stalker Gladiator began the quest for
                  | the Orb.
     0 | D:1      | Reached XP level 1. HP: 11/11 MP: 2/2
   208 | D:2      | Reached XP level 2. HP: 8/15 MP: 1/3
   215 | D:1      | Reached skill level 3 in Maces & Flails
   359 | D:2      | Reached XP level 3. HP: 15/18 MP: 3/5
   547 | D:1      | Reached skill level 1 in Spellcasting
   576 | D:1      | Found a faded altar of an unknown god.
  1036 | D:2      | Reached skill level 1 in Armour
  1036 | D:2      | Gained mutation: Your natural rate of healing is unusually
                  | fast. [Vine Stalker growth]
  1036 | D:2      | Reached XP level 4. HP: 16/23 MP: 4/7
  1284 | D:3      | Found a hazy altar of Hepliaklqana.
  1799 | D:3      | Reached XP level 5. HP: 27/27 MP: 8/8
  2431 | D:3      | Reached skill level 4 in Maces & Flails
  2623 | D:3      | Reached XP level 6. HP: 26/32 MP: 7/10
  3171 | D:5      | Entered Level 5 of the Dungeon
  3188 | D:4      | Noticed Edmund
  3204 | D:4      | Killed Edmund
  3205 | D:4      | Reached XP level 7. HP: 31/36 MP: 8/12
  3207 | D:4      | Reached skill level 5 in Maces & Flails
  3256 | D:4      | Noticed Menkaure
  3262 | D:4      | Slain by Menkaure

Illustrated notes

Levels and vault maps discovered:
D:1:      roderic_crop_circles_arrival_small, layout_basic,
          shapermc_ecumenical_altar_mp_urbaneastern, minmay_pentomino_q2
D:2:      layout_loops_ring, serial_rivers, chequers_serial_rivers_small_3,
          chequers_serial_rivers_marsh, chequers_serial_rivers_marsh,
          chequers_serial_rivers_micro_d
D:3:      layout_loops_corners, nicolae_overflow_hidden_temple
D:4:      minmay_general_purpose_star, layout_rooms, nicolae_specific_store,
          uniq_menkaure, uniq_grinder, uniq_edmund
D:5:      layout_cave_pods, serial_shops, shop

Skill      XL: |  1  2  3  4  5  6  7 |
---------------+----------------------+-----
Maces & Flails | 3 4 5 |  5.0
Fighting       | 2 3 |  3.3
Spellcasting   | 1 2 3 |  3.0
Armour         | 1 2 |  2.4
Throwing       | |  1.7
Dodging        | |  2.4

Action                     |  1- 3 |  4- 6 |  7- 9 || total
---------------------------+-------+-------+-------++-------
  Melee: Flail             |    95 |   162 |     7 ||   264
         Bite              |    25 |    47 |     1 ||    73
         Punch             |     1 |     2 |       ||     3
  Throw: Throwing net      |       |     2 |       ||     2
    Use: Scroll            |       |    13 |       ||    13
         Potion            |       |       |     1 ||     1
 Armour: Leather armour    |     2 |       |       ||     2
         Ring mail         |    42 |    54 |       ||    96
  Dodge: Dodged            |    72 |    79 |     4 ||   155

Table legend: (Time is in decaauts)
 A = Elapsed time spent in this place.
 B = Non-inter-level travel time spent in this place.
 C = Inter-level travel time spent in this place.
 D = Time resting spent in this place.
 E = Time spent auto-exploring this place.
 F = Levels seen in this place.
 G = Mean time per level.
                   A        B        C        D        E       F      G
               +--------+--------+--------+--------+--------+-----+--------+
         Total |   3339 |   3274 |     65 |    404 |   1857 |   5 |  667.8 |
       Dungeon |   3339 |   3274 |     65 |    404 |   1857 |   5 |  667.8 |
               +--------+--------+--------+--------+--------+-----+--------+

Top non-repeatable levels by time:
     D:3: 1329 daAuts
     D:2: 915 daAuts
     D:1: 851 daAuts
     D:4: 241 daAuts
     D:5: 1 daAuts
